 Dungeon Crawl Stone Soup version 0.30-a0-879-ga8ba668 (webtiles) character file.

Game seed: 10942984635236673451

8578 Think the Carver (level 11, -8/68 HPs)
             Began as an Octopode Fighter on Mar 12, 2023.
             Was a Believer of Elyvilon.
             Mangled by a komodo dragon (28 damage)
             ... on level 2 of the Lair of Beasts on Mar 13, 2023.
             The game lasted 00:32:13 (8943 turns).

Think the Carver (Octopode Fighter)                 Turns: 8943, Time: 00:32:15

Health: -8/68      AC:  1    Str: 15    XL:     11   Next: 33%
Magic:  11/11      EV: 20    Int: 12    God:    Elyvilon [**....]
Gold:   460        SH:  7    Dex: 27    Spells: 6/10 levels left

rFire   + . .      SeeInvis .    E - +1 scimitar (freeze)
rCold   . . .      Faith    .    b - +0 buckler
rNeg    . . .      Spirit   .    (helmet restricted)
rPois   +          Reflect  .    (no amulet)
rElec   .          Rampage  .    h - ring of poison resistance
rCorr   .                        i - ring of protection from fire
Will    .....                    v - +6 ring of dexterity
Stlth   +++                      y - +6 ring of dexterity
HPRegen 0.31/turn                (no ring)
MPRegen 0.12/turn                (no ring)
                                 (no ring)
                                 (no ring)

@: mighty
A: almost no armour, amphibious, 8 rings, camouflage 1, gelatinous body 1,
(nimble swimmer 1), tentacles
a: Renounce Religion, Purification, Heal Other


You were on level 2 of the Lair of Beasts.
You worshipped Elyvilon.
Elyvilon was pleased with you.
You visited 3 branches of the dungeon, and saw 11 of its levels.
You also visited: Ossuary.

You collected 780 gold pieces.
You spent 320 gold pieces at shops.

Inventory:

Hand Weapons
 a - a +0 long sword
 j - a +2 vampiric rapier
 E - a +1 scimitar of freezing (weapon)
Missiles
 f - 4 datura-tipped darts (quivered)
 H - 4 curare-tipped darts
 K - a throwing net
Armour
 b - a +0 buckler (worn)
Jewellery
 h - a ring of poison resistance (left tentacle)
 i - a ring of protection from fire (right tentacle)
 v - a +6 ring of dexterity (on tentacle)
 y - a +6 ring of dexterity (on tentacle)
Wands
 d - a wand of flame (4)
 q - a wand of roots (6)
 z - a wand of digging (5)
 D - a wand of paralysis (3)
Scrolls
 g - 3 scrolls of amnesia
 k - 4 scrolls of immolation
 l - 3 scrolls of blinking
 n - a scroll of fear
 o - 4 scrolls of enchant armour
 r - a scroll of magic mapping
 t - a scroll of silence
 u - 2 scrolls of noise
 F - a scroll of identify
 G - a scroll of enchant weapon {unknown}
 I - a scroll of acquirement {unknown}
Potions
 c - 2 potions of might
 e - 3 potions of ambrosia
 m - a potion of flight
 s - 4 potions of heal wounds
 w - a potion of lignification
 x - a potion of haste
 A - 2 potions of cancellation
 B - a potion of invisibility
 C - a potion of mutation
 J - 2 potions of curing
Miscellaneous
 p - a box of beasts


   Skills:
 + Level 3.8 Fighting
 - Level 14.0 Long Blades
 - Level 1.0 Throwing
 + Level 8.3 Dodging
 + Level 3.8 Shields
 * Level 5.5 Translocations


You had 6 spell levels left.
You knew the following spells:

 Your Spells              Type           Power      Damage    Failure   Level
a - Manifold Assault      Tloc           13%        N/A       41%         4

Your spell library contained the following spells:

 Spells                   Type           Power      Damage    Failure   Level
 Apportation              Tloc           26%        N/A       4%          1
 Blink                    Tloc           26%        N/A       7%          2
 Necrotise                Necr           0%         1d4       38%         1
 Summon Small Mammal      Summ           0%         N/A       38%         1
 Portal Projectile        Hex/Tloc       12%        N/A       38%         3
 Call Canine Familiar     Summ           0%         N/A       77%         3
 Vampiric Draining        Necr           0%         2d6       77%         3
 Leda's Liquefaction      Hex/Erth       0%         N/A       99%         4
 Agony                    Necr           0%         N/A       100%        5
 Fireball                 Conj/Fire      0%         3d3       100%        5
 Iskenderun's Battlesphe  Conj           0%         2d6       100%        5
 Conjure Ball Lightning   Conj/Air       0%         3x3d6     100%        6
 Orb of Destruction       Conj           0%         9d5       100%        7
 Storm Form               Tmut/Air       0%         N/A       100%        7


Dungeon Overview and Level Annotations

Branches:
Dungeon (8/15)             Temple (1/1) D:7            Lair (2/5) D:8
Ossuary (visited)
  Swamp: Lair:2-3    Shoals: Lair:2-3     Snake: Lair:2-3    Spider: Lair:2-3

Altars:
Ashenzari
Elyvilon
Fedhas
Gozag
Hepliaklqana
Kikubaaqudgha
Makhleb
Nemelex Xobeh
Okawaru
Qazlal
Ru
Sif Muna
Uskayaw
Vehumet
Wu Jian
Yredelemnul
The Shining One

Shops:
D:1 ?

Annotations:
D:6 2 transporters, curvature's ghost, novice MfGl
Lair:1 Amaemon


Innate Abilities, Weirdness & Mutations

You cannot wear most types of armour.
You are amphibious.
You can wear up to eight rings at the same time.
Your skin changes colour to match your surroundings (Stealth+).
Your rubbery body absorbs attacks. (AC +1, EV +1)
((You are camouflaged when in or above water. (Stealth+)))
You have tentacles for arms and can constrict up to eight enemies at once.


Message History

The elephant is lightly wounded.
You slash the elephant! You freeze the elephant.
The elephant is moderately wounded.
The elephant tramples you!
You hold your ground!
The elephant trunk-slaps you.
You slice the elephant!! You freeze the elephant! You squeeze the elephant.
The elephant is severely wounded.
You hear a trumpeting!
You hit the elephant. You freeze the elephant.
The elephant is almost dead.
The elephant completely misses you. The elephant misses you.
You slice the elephant!! You freeze the elephant.
You kill the elephant!
Training target 1.0 for Throwing reached!
Your Throwing skill increases to level 1!
You start resting.
Amaemon the Diabolical Poisoner comes into view.
He is wielding a -1 demon whip of venom.
Press: ? - help, v - describe, . - travel The floor, spattered with blood.
Unknown command.
Okay, then.
Press: ? - help, v - describe, . - travel The floor, spattered with blood.
Press: ? - help, . - travel You can't see that place.
Okay, then.
Okay, then.
An orange demon comes into view.
You see here an elephant corpse.
The orange demon screeches!
Blink to where?
Press: ? - help, Dir - move target
As you read the scroll of blinking, it crumbles to dust.
There is a stone staircase leading down here.
You climb downwards.
The black mamba hisses angrily.
The centaur shouts!
The komodo dragon bites you!!
* * * LOW HITPOINT WARNING * * *
The centaur wields a +0 shortbow.
The centaur shoots an arrow.
The arrow closely misses you. The komodo dragon bites you!!
You die...

#..
.......##.#...##..##
. .#.......
#.........P
.....8...##..........
........#.........
#......#.........
###.#..8..#####...#
..............8..##
.......l.........#
$.8..8.@.8.+..<.8#
...........#.....
......S.....#.8.#
..##...8..### .## #
#......## ..
.S.....## .c.8...#.
......# #


You could see a komodo dragon, 2 black mambas and a centaur.

Vanquished Creatures
  Sonja (Lair:1)
  2 elephants (Lair:1)
  A cane toad (Lair:2)
  2 komodo dragons
  A rime drake (Lair:2)
  4 blink frogs (Lair:2)
  A wyvern (Lair:2)
  6 yaks (D:6)
  4 water moccasins
  2 ice beasts
  3 black bears
  6 centaurs
  2 ogres
  9 wolves (Lair:2)
  A phantom (D:5)
  A kobold brigand (D:8)
  4 bullfrogs
  A gnoll sergeant (D:8)
  4 wights (D:7)
  3 jellies
  11 killer bees
  2 howler monkeys
  An orc priest (D:6)
  3 hounds
  A gnoll bouda (D:7)
  A sleepcap (D:7)
  Ijyb (D:3)
  3 iguanas
  5 orc wizards
  4 hell rats (Lair:2)
  8 mummies (Ossuary)
  Robin (D:3)
  19 gnolls
  3 adders
  3 worms
  A dart slug (D:1)
  18 orcs
  6 endoplasms
  5 giant cockroaches
  4 gnoll zombies (Ossuary)
  13 goblins
  8 hobgoblins
  2 jackals (D:4)
  9 quokkas
  7 ball pythons
  8 bats
  5 frilled lizards
  A hobgoblin zombie (Ossuary)
  9 kobolds
  3 orc zombies (Ossuary)
  6 rats
229 creatures vanquished.

Vanquished Creatures (others)
  14 fungi
  43 plants
57 creatures vanquished.

Grand Total: 286 creatures vanquished

Notes
Turn   | Place    | Note
-------+----------+-------------------------------------------
     0 | D:1      | Think the Octopode Fighter began the quest for the Orb.
     0 | D:1      | Reached XP level 1. HP: 16/16 MP: 1/1
   122 | D:1      | Reached XP level 2. HP: 21/21 MP: 2/2
   445 | D:1      | Reached XP level 3. HP: 26/26 MP: 3/3
   686 | D:1      | Found The Oracle's Delphic Readings.
  1310 | D:3      | Noticed Ijyb
  1316 | D:3      | Killed Ijyb
  1317 | D:3      | Reached skill level 5 in Dodging
  1317 | D:3      | Reached XP level 4. HP: 15/31 MP: 4/4
  1445 | D:3      | Reached XP level 5. HP: 36/36 MP: 5/5
  1695 | D:3      | Identified the +3 helmet of Articulation {Harm Int+5
                  | Stlth-}
  1695 | D:3      | Noticed Robin
  1698 | D:3      | Killed Robin
  1737 | D:3      | Found a faded altar of an unknown god.
  2194 | D:4      | Noticed a black bear
  2213 | D:4      | Killed a black bear
  2214 | D:4      | Reached XP level 6. HP: 42/42 MP: 6/6
  2220 | D:4      | You fall into a shaft and drop 1 floor!
  2220 | D:5      | Entered Level 5 of the Dungeon
  2545 | D:4      | Found a broken altar of Ashenzari.
  2940 | D:5      | Reached XP level 7. HP: 46/46 MP: 7/7
  3224 | D:5      | Reached skill level 3 in Long Blades
  3571 | D:6      | Reached skill level 4 in Long Blades
  3589 | D:6      | Reached skill level 5 in Long Blades
  3589 | D:6      | Reached XP level 8. HP: 52/52 MP: 8/8
  3592 | D:6      | Noticed a hornet
  3609 | D:6      | Noticed a queen bee
  3696 | D:6      | Reached skill level 6 in Long Blades
  3748 | D:6      | Noticed a yak
  3748 | D:6      | Noticed a yak
  3748 | D:6      | Noticed a yak
  3750 | D:6      | Noticed a yak
  3781 | D:6      | Noticed a yak
  3785 | D:6      | Killed a yak
  3788 | D:6      | Noticed a yak
  3790 | D:6      | Killed a yak
  3791 | D:6      | Reached skill level 7 in Long Blades
  3795 | D:6      | Killed a yak
  3797 | D:6      | Killed a yak
  3798 | D:6      | Reached skill level 8 in Long Blades
  3799 | D:6      | Killed a yak
  3800 | D:6      | Reached XP level 9. HP: 48/56 MP: 9/9
  3808 | D:6      | Reached skill level 9 in Long Blades
  3885 | D:6      | Noticed curvature's ghost (novice MfGl)
  3916 | D:6      | Found a transporter.
  3930 | D:6      | Found a transporter.
  4454 | D:7      | Found a stormy altar of Qazlal.
  4488 | D:7      | Reached skill level 10 in Long Blades
  4657 | D:7      | Found a staircase to the Ecumenical Temple.
  4717 | Temple   | Entered the Ecumenical Temple
  4724 | Temple   | Became a worshipper of Elyvilon the Healer
  4804 | D:7      | Found a sand-covered staircase.
  4992 | Ossuary  | Entered an ossuary
  5126 | Ossuary  | Reached skill level 11 in Long Blades
  5371 | D:7      | Found an ancient bone altar of Kikubaaqudgha.
  5518 | D:7      | Reached * piety under Elyvilon
  5830 | D:8      | Reached XP level 10. HP: 52/63 MP: 10/10
  5899 | D:8      | Found a shimmering blue altar of Sif Muna.
  5924 | D:8      | Reached skill level 12 in Long Blades
  6347 | D:8      | Paralysed by a centaur for 5 turns
  6587 | D:8      | Found a staircase to the Lair.
  7160 | Lair:1   | Entered Level 1 of the Lair of Beasts
  7335 | D:1      | Bought an Inescapable Atlas for 320 gold pieces
  7340 | D:1      | Learned a level 4 spell: Manifold Assault
  7674 | Lair:1   | Reached ** piety under Elyvilon
  7772 | Lair:1   | Noticed Sonja
  7780 | Lair:1   | Killed Sonja
  7781 | Lair:1   | Reached skill level 13 in Long Blades
  7781 | Lair:1   | Reached skill level 1 in Translocations
  8067 | Lair:1   | You fall into a shaft and drop 1 floor!
  8074 | Lair:2   | Noticed a black mamba
  8596 | Lair:2   | Reached skill level 14 in Long Blades
  8596 | Lair:2   | Reached XP level 11. HP: 36/67 MP: 11/11
  8815 | Lair:2   | Reached skill level 5 in Translocations
  8926 | Lair:1   | Reached skill level 1 in Throwing
  8934 | Lair:1   | Noticed Amaemon
  8943 | Lair:2   | Mangled by a komodo dragon

Illustrated notes

Levels and vault maps discovered:
D:1:      co_arrival_square_in_a_square_in_a_square, layout_basic,
          glass_columns_a, minmay_misc_feat_diagonals, chequers_mini_garden,
          st_stairs_5, nicolae_nh_oracle_at_delphi
D:2:      layout_rooms
D:3:      layout_basic, basic_ecumenical_altar, uniq_ijyb, uniq_robin
D:4:      layout_rooms, ashenzari_altar_1, st_stairs_8
D:5:      layout_gridville, chequers_serial_rivers_large_b
D:6:      layout_basic, serial_glass, glass_columns_a, glass_columns_b,
          gammafunk_ghost_hive
D:7:      layout_cave_pods, nicolae_qazlal_style_of_elements,
          nicolae_kikubaaqudgha_miasma_corner, temple_doors_e,
          nicolae_ossuary_entry_false_entrances, serial_bayou_pond_d
D:8:      layout_loops_cross, lemuel_doored_altar, david_lair_shrubbed
Temple:   dpeg_three_leaves_temple
Lair:1:   layout_cave_shapes, uniq_sonja, uniq_amaemon
Lair:2:   layout_roguey, minmay_shoals_entry_centaurs, grunt_megastairs_3,
          lemuel_fruit_fields

Skill      XL: |  1  2  3  4  5  6  7  8  9 10 11 |
---------------+----------------------------------+-----
Dodging        | 4 5 6 7 8 |  8.3
Long Blades    | 5 8 11 14 | 14.0
Translocations | 4 5 |  5.5
Throwing       | 1 |  1.0
Fighting       | |  3.8
Shields        | |  3.8

Action                     |  1- 3 |  4- 6 |  7- 9 | 10-12 || total
---------------------------+-------+-------+-------+-------++-------
  Melee: Long sword        |    70 |       |    74 |    65 ||   209
         Tentacles         |    21 |    25 |    59 |    40 ||   145
         Constrict         |    19 |    25 |    52 |    31 ||   127
         Rapier            |     9 |    88 |   150 |       ||   247
         Punch             |       |     2 |     3 |     1 ||     6
         Scimitar          |       |       |       |    82 ||    82
 Invoke: Purification      |       |       |       |     1 ||     1
  Evoke: Wand              |       |       |     6 |     7 ||    13
    Use: Scroll            |     6 |       |     7 |     7 ||    20
         Potion            |     1 |     2 |    10 |     5 ||    18
   Stab: Sleeping          |    12 |    12 |     7 |     6 ||    37
         Paralysed         |       |       |       |     1 ||     1
 Armour: Skin              |     2 |     3 |     6 |     1 ||    12
  Dodge: Dodged            |    41 |    63 |   124 |   105 ||   333
  Block: Buckler           |    14 |    19 |    65 |    40 ||   138

Table legend: (Time is in decaauts)
 A = Elapsed time spent in this place.
 B = Non-inter-level travel time spent in this place.
 C = Inter-level travel time spent in this place.
 D = Time resting spent in this place.
 E = Time spent auto-exploring this place.
 F = Levels seen in this place.
 G = Mean time per level.
                   A        B        C        D        E       F      G
               +--------+--------+--------+--------+--------+-----+--------+
         Total |   8930 |   7914 |   1016 |   1108 |   4849 |  12 |  744.2 |
       Dungeon |   7189 |   6302 |    887 |    528 |   4476 |   8 |  898.6 |
        Temple |     15 |      3 |     12 |      0 |      0 |   1 |   15.0 |
          Lair |   1465 |   1348 |    117 |    516 |    273 |   2 |  732.5 |
       Ossuary |    259 |    259 |      0 |     64 |    100 |   1 |  259.0 |
               +--------+--------+--------+--------+--------+-----+--------+

Top non-repeatable levels by time:
     D:8: 1376 daAuts
     D:7: 1247 daAuts
     D:6: 918 daAuts
     D:5: 901 daAuts
     D:1: 884 daAuts
     D:3: 861 daAuts
  Lair:2: 762 daAuts
  Lair:1: 703 daAuts
     D:2: 570 daAuts
     D:4: 430 daAuts
 Ossuary: 259 daAuts
  Temple: 15 daAuts
